 Dungeon Crawl Stone Soup version 0.31-a0-1338-gb567cfdca4 (webtiles) character file.

Game seed: 11980573126167785764

265 Lobster4 the Firebug (level 6, -4/44 HPs)
             Began as a Human Fire Elementalist on Dec 23, 2023.
             Slain by a kobold brigand
             ... wielding a +0 club
              (6 damage)
             ... on level 3 of the Dungeon.
             The game lasted 00:07:43 (2931 turns).

Lobster4 the Firebug (Human Fire Elementalist)      Turns: 2931, Time: 00:07:44

Health: -4/44      AC:  2    Str:  8    XL:     6   Next: 20%
Magic:  10/10      EV: 13    Int: 17    God:
Gold:   114        SH:  0    Dex: 14    Spells: 7/10 levels left

rFire   . . .        r - +0 rapier
rCold   . . .        (no shield)
rNeg    . . .        a - +0 robe
rPois   .            (no helmet)
rElec   .            (no cloak)
rCorr   .            (no gloves)
SInv    .            (no boots)
Will    .....        c - amulet of the acrobat
Stlth   ++           (no ring)
HPRegen 0.27/turn    (no ring)
MPRegen 0.12/turn

%: acrobat
@: very slightly contaminated
A: explore regen
a: no special abilities


You were on level 3 of the Dungeon.
You visited 1 branch of the dungeon, and saw 3 of its levels.

You collected 114 gold pieces.

Inventory:

Hand Weapons
 d - a +0 dagger
 f - a +0 short sword
 m - a +1 sling of freezing
 r - a +0 rapier (weapon)
Armour
 a - a +0 robe (worn)
 i - a +0 ring mail
Magical Staves
 s - a staff of air
Jewellery
 c - an amulet of the acrobat (around neck)
Scrolls
 g - a scroll of immolation {unknown}
 h - a scroll of fear {unknown}
 j - 3 scrolls of identify {unknown}
 k - 2 scrolls of vulnerability {unknown}
 l - a scroll of revelation {unknown}
 p - 2 scrolls of amnesia {unknown}
 t - a scroll of poison {unknown}
Potions
 e - 2 potions of heal wounds {unknown}
 n - a potion of attraction {unknown}
 o - a potion of brilliance {unknown}
 q - a potion of degeneration {unknown}
 u - a potion of curing {unknown}


   Skills:
 + Level 2.0 Fighting
 + Level 2.0 Armour
 + Level 2.9 Dodging
 - Level 2.0 Stealth
 + Level 2.7 Spellcasting
 + Level 2.1 Conjurations
 * Level 4.3 Fire Magic


You had 7 spell levels left.
You knew the following spells:

 Your Spells              Type           Power      Damage    Failure   Level
a - Foxfire               Conj/Fire      52%        2x1d6     4%          1
b - Scorch                Fire           34%        2d6       4%          2

Your spell library contained the following spells:

 Spells                   Type           Power      Damage    Failure   Level
 Inner Flame              Hex/Fire       9%         N/A       22%         3
 Volatile Blastmotes      Fire/Tloc      18%        2d11      22%         3
 Flame Wave               Conj/Fire      13%        2d6       43%         4


Dungeon Overview and Level Annotations

Branches:
Dungeon (3/15)

Altars:


Innate Abilities, Weirdness & Mutations

You regain HP and MP as you explore.


Message History

You hit the kobold brigand but do no damage.
The kobold brigand is heavily wounded.
The kobold brigand hits you with a +0 club.
You hit the kobold brigand but do no damage.
The kobold brigand is heavily wounded.
The kobold brigand hits you with a +0 club. x2
You closely miss the kobold brigand.
The kobold brigand is heavily wounded.
The kobold brigand closely misses you.
You hit the kobold brigand.
The kobold brigand is severely wounded.
The kobold brigand barely misses you.
You barely miss the kobold brigand.
The kobold brigand is severely wounded.
The kobold brigand hits you with a +0 club.
Your magical contamination has completely faded away.
You miss the kobold brigand.
The kobold brigand is severely wounded.
The kobold brigand hits you but does no damage.
You hit the kobold brigand.
The kobold brigand is severely wounded.
The kobold brigand barely misses you.
The kobold brigand hits you with a +0 club.
You hit the kobold brigand.
The kobold brigand is almost dead.
The kobold brigand hits you with a +0 club.
You completely miss the kobold brigand.
The kobold brigand is almost dead.
The kobold brigand hits you with a +0 club!
* * * LOW HITPOINT WARNING * * *
Casting: Foxfire (safe; 4% risk of failure)
Confirm with . or Enter, or press ? or * to list all spells.
You miscast Foxfire.
You are very lightly contaminated with residual magic.
Nothing appears to happen.
The kobold brigand hits you with a +0 club.
* * * LOW HITPOINT WARNING * * *
Magic courses through your body.
The kobold brigand hits you with a +0 club.
You die...

####...........# ###### #...
##..............#####....###.##
................##...........##
................##.##...†###...
............)...# #.....# #.##
................# .#...... #.#
................# .#..v..#.#.#
................# .#.....#.#.#
..............@.##.#.....# #.##
...............K.#.#.##### #...
.....###########)#.#. #...
##### #)#.# #... #..$#.# #...
#.....# #... #..#..# #...
#..#~...# #... #K.# ~..# #...


You could see a kobold brigand.

Vanquished Creatures
  An ogre (D:3)
  2 adders (D:2)
  8 gnolls
  A worm (D:2)
  2 dart slugs
  7 ball pythons
  7 bats
  2 endoplasms (D:3)
  2 giant cockroaches (D:1)
  5 goblins
  9 hobgoblins
  8 jackals
  11 kobolds
  A quokka (D:1)
  4 frilled lizards
  6 rats
76 creatures vanquished.

Vanquished Creatures (others)
  208 foxfires
208 creatures vanquished.

Grand Total: 284 creatures vanquished

Notes
Turn   | Place    | Note
-------+----------+-------------------------------------------
     0 | D:1      | Lobster4 the Human Fire Elementalist began the quest for
                  | the Orb.
     0 | D:1      | Reached XP level 1. HP: 13/13 MP: 3/3
   210 | D:1      | Reached XP level 2. HP: 19/19 MP: 0/5
   576 | D:1      | Reached XP level 3. HP: 21/25 MP: 6/6
   698 | D:1      | Reached skill level 1 in Armour
  1268 | D:2      | Reached skill level 1 in Fighting
  1271 | D:2      | Learned a level 2 spell: Scorch
  1481 | D:2      | Reached XP level 4. HP: 32/32 MP: 5/7
  1931 | D:2      | Reached XP level 5. HP: 37/37 MP: 0/8
  2084 | D:2      | Reached skill level 4 in Fire Magic
  2325 | D:2      | Found a faded altar of an unknown god.
  2709 | D:3      | Noticed an ogre
  2723 | D:3      | Killed an ogre
  2724 | D:3      | Reached XP level 6. HP: 44/44 MP: 3/10
  2930 | D:3      | HP: 2/44 [kobold brigand/+0 club (5)]
  2931 | D:3      | Slain by a kobold brigand

Illustrated notes

Levels and vault maps discovered:
D:1:      minmay_arrival_semitransparent, layout_basic, corexii_leaking_fountain
D:2:      layout_loops_ring, basic_ecumenical_altar
D:3:      cheibrodos_thug_alley, layout_basic

Skill      XL: |  1  2  3  4  5 |
---------------+----------------+-----
Armour         | 1 2 |  2.0
Fighting       | 1 2 |  2.0
Fire Magic     | 4 |  4.3
Conjurations   | 2 |  2.1
Dodging        | |  2.9
Stealth        | |  2.0
Spellcasting   | |  2.7

Action                     |  1- 3 |  4- 6 || total
---------------------------+-------+-------++-------
  Melee: Short sword       |    62 |    11 ||    73
         Dagger            |    10 |       ||    10
         Punch             |     1 |       ||     1
         Rapier            |       |    20 ||    20
   Cast: Foxfire           |    58 |    83 ||   141
         Scorch            |       |     4 ||     4
    Use: Potion            |       |     1 ||     1
   Stab: Sleeping          |     1 |     1 ||     2
 Armour: Robe              |    46 |    25 ||    71
  Dodge: Dodged            |    88 |    31 ||   119

Table legend: (Time is in decaauts)
 A = Elapsed time spent in this place.
 B = Non-inter-level travel time spent in this place.
 C = Inter-level travel time spent in this place.
 D = Time resting spent in this place.
 E = Time spent auto-exploring this place.
 F = Levels seen in this place.
 G = Mean time per level.
                   A        B        C        D        E       F      G
               +--------+--------+--------+--------+--------+-----+--------+
         Total |   2936 |   2777 |    159 |    421 |   1615 |   3 |  978.7 |
       Dungeon |   2936 |   2777 |    159 |    421 |   1615 |   3 |  978.7 |
               +--------+--------+--------+--------+--------+-----+--------+

Top non-repeatable levels by time:
     D:1: 1296 daAuts
     D:2: 1272 daAuts
     D:3: 367 daAuts
